Map: King's Cove LE

Players

uThermal - Winner!

  • Race: Terran Terran
  • Spawn Location: 5:00

ZipperTheFly

  • Race: Terran Terran
  • Spawn Location: 11:00

Event: 2019 WCS Summer

VOD

Have the link to the VOD?

Description

Time

  • Played on: July 12, 2019, 6:14 a.m.
  • Length: 3:22

All games in this series

Show
View Real Time Build Order
Export as new Build Order

uThermal Terran - Winner!

Build Orders:  

Get SALT Encoding   

  12  0:01  SCV  
  13  0:13  SCV  
  14  0:17  Supply Depot  
  14  0:26  SCV  
  15  0:29  Refinery  
  15  0:39  SCV  
  16  0:45  Barracks  
  16  0:51  SCV  
  16  0:56  Refinery  
  17  1:03  SCV  
  18  1:15  SCV  
  19  1:32  Orbital Command, Reaper  
  20  1:37  Factory  
  20  1:51  Supply Depot  
  20  1:59  SCV  
  21  2:04  Reaper  
  21  2:11  SCV  
  22  2:21  Hellion  
  24  2:23  SCV  
  25  2:35  SCV  
  25  2:36  Reaper  
  26  2:40  Supply Depot  
  26  2:43  Hellion  
  28  2:54  Command Center  
  28  2:57  SCV  
  31  3:09  SCV  
Show
View Real Time Build Order
Export as new Build Order

ZipperTheFly Terran 

Build Orders:  

Get SALT Encoding   

  12  0:01  SCV  
  13  0:14  Supply Depot  
  13  0:19  SCV  
  14  0:35  Barracks  
  14  0:41  Refinery  
  14  0:56  Barracks  
  14  1:01  SCV  
  15  1:13  SCV  
  16  1:24  Reaper  
  17  1:28  Orbital Command  
  17  1:36  Refinery  
  17  1:43  Reaper  
  19  1:54  SCV  
  19  2:00  Reaper  
  20  2:06  SCV  
  21  2:09  Supply Depot  
  21  2:15  Reaper  
  22  2:18  SCV  
  23  2:31  SCV  
  23  2:32  Factory  
  24  2:41  Reaper  
  24  2:43  SCV  
  26  2:47  Reaper  
  26  2:51  Supply Depot  
  27  2:55  SCV  
  28  3:07  SCV  
Tags
 
Add a new tag
Caveats
  • Supply blocks, unpowered buildings, or Contaminate may cause inaccurate times.
  • Supply counts are checked every 10 seconds.